AoeStats
← xander.dijkstra

Black Forest

510183743Analyzed
2v2 RM · 15h ago on Sep 29, 2026· 54m 14s· 4 players
Game mode
Random Map
Map size
Medium (4 player)
Population
200
Speed
Normal
Resources
Standard
Victory
Conquest
Starting age
Dark Age
Ending age
Imperial Age
RankedLock teamsTeams togetherTeam positionsShared explorationLock speedFull tech treeHidden civsTurbo modeCheats
Victory
Defeat
🇬🇧 Mongols · United Kingdom
1062
+11
🇬🇧 Italians · United Kingdom
853
+20
🇦🇷 Bulgarians · Argentina
971
-17
🇳🇱 Danes · Netherlands
912
-14
doomgigantic
0:57 Loom
10:46 Feudal Age
14:34 Double-Bit Axe
27:03 Wheelbarrow
27:07 Gold Mining
31:07 Castle Age
29:42 Horse Collar
31:48 Fletching
32:00 Padded Archer Armor
34:16 Hand Cart
38:14 Leather Archer Armor
39:05 Ballistics
39:00 Masonry
39:10 Fortified Wall
40:13 Bodkin Arrow
39:53 Crossbowman
42:02 Thumb Ring
42:55 Pikeman
43:36 Squires
49:46 Imperial Age
50:06 Bow Saw
51:04 Arbalester
51:49 Squires
smi8th
1:04 Loom
9:27 Feudal Age
14:01 Castle Age
12:44 Double-Bit Axe
20:02 Horse Collar
25:20 Bow Saw
30:35 Bloodlines
30:26 Husbandry
30:38 Forging
30:33 Scale Barding Armor
32:11 Fletching
32:21 Padded Archer Armor
32:57 Iron Casting
32:28 Scale Barding Armor
33:29 Light Cavalry
36:45 Imperial Age
34:57 Bodkin Arrow
35:17 Leather Archer Armor
35:56 Chain Barding Armor
37:51 Ballistics
39:42 Bracer
40:44 Blast Furnace
40:34 Hussar
42:53 Chemistry
41:37 Capped Ram
42:44 Elite Mangudai
44:01 Parthian Tactics
44:52 Siege Ram
48:32 Drill
48:56 Thumb Ring
xander.dijkstra
12:17 Feudal Age
12:47 Double-Bit Axe
12:34 Man-at-Arms
14:28 Scale Mail Armor
15:26 Loom
17:52 Horse Collar
21:43 Castle Age
20:12 Gold Mining
22:40 Bow Saw
25:57 Heavy Plow
28:06 Gold Shaft Mining
27:21 Stone Mining
29:37 Chain Mail Armor
29:11 Arson
29:29 Squires
29:15 Gambesons
32:39 Wheelbarrow
35:25 Imperial Age
33:48 Stone Shaft Mining
34:33 Hand Cart
35:25 Hamask
35:30 Northmen's Fury
39:07 Onager
39:54 Elite Jomsviking
41:30 Caravan
42:32 Siege Onager
48:20 Plate Mail Armor
Ochen
0:54 Loom
12:07 Feudal Age
14:35 Forging
14:26 Scale Mail Armor
14:22 Arson
20:07 Double-Bit Axe
27:21 Castle Age
25:20 Horse Collar
28:44 Heavy Plow
32:28 Bow Saw
36:36 Wheelbarrow
37:42 Hand Cart
40:30 Imperial Age
38:40 Iron Casting
38:20 Chain Mail Armor
37:57 Gambesons
38:12 Squires
38:34 Gold Mining
39:36 Town Watch
40:19 Town Patrol
40:34 Capped Ram
41:35 Bagains
43:26 Conscription
42:40 Siege Ram
44:31 Blast Furnace
44:01 Plate Mail Armor
46:32 Crop Rotation
46:16 Onager
47:47 Siege Onager
52:58 Ballistics
Connection lost

Rejoining the realm…

Still unreachable

The connection could not be restored.

Session expired

The server has moved on; the page needs a fresh start.